Map: Hard Lead LE

Players

A.I. 1 (Very Easy) - Winner!

  • Race: Terran Terran
  • Spawn Location: 5:00

HuShang

  • Race: Protoss Protoss
  • League: Master
  • Spawn Location: 11:00

VOD

Have the link to the VOD?

Description

Time

  • Played on: Jan. 6, 2024, 7:29 p.m.
  • Length: 4:57
Show
View Real Time Build Order
Export as new Build Order

A.I. 1 (Very Easy) Terran - Winner!

Build Orders: Reaper Expand 

Get SALT Encoding   

  12  0:00  SCV  
  13  0:13  SCV  
  14  0:18  Supply Depot  
  14  0:43  Barracks  
  14  1:02  Command Center  
  14  1:30  Orbital Command, Supply Depot  
  14  1:31  Marine  
  15  1:35  Refinery  
  15  1:48  Refinery  
  15  1:55  SCV  
  16  2:08  SCV  
  17  2:14  SCV  
  18  2:16  Reaper  
  18  2:21  SCV  
  20  2:29  SCV  
  21  2:36  SCV  
  22  2:43  SCV  
  23  2:50  SCV, Refinery  
  24  2:57  SCV  
  25  3:01  Marine  
  25  3:04  SCV  
  27  3:11  SCV  
  28  3:18  Factory  
  28  3:19  SCV  
  27  3:43  SCV  
  27  3:45  Marine  
  26  3:50  SCV  
  23  3:58  SCV  
  20  4:04  Starport  
  20  4:05  SCV  
  21  4:12  SCV  
  21  4:14  Hellion  
  20  4:26  SCV  
  21  4:34  SCV  
  22  4:41  Starport Tech Lab, SCV  
Show
View Real Time Build Order
Export as new Build Order

HuShang Protoss 

Build Orders: 1 Gate Expand 

Get SALT Encoding   

  12  0:00  Probe  
  13  0:13  Pylon  
  13  0:17  Probe  
  14  0:29  Probe  
  14  0:33  Gateway  
  15  0:41  Probe  
  16  0:53  Probe  
  17  1:05  Probe  
  17  1:11  Nexus  
  18  1:16  Assimilator  
  18  1:25  Cybernetics Core  
  18  1:28  Probe  
  19  1:34  Pylon  
  19  1:40  Probe  
  20  1:52  Gateway  
  20  1:53  Warp Gate (Chrono Boost)  
  20  1:56  Probe  
  21  2:05  Adept (Chrono Boost)  
  21  2:08  Probe  
  24  2:15  Gateway  
  24  2:20  Probe  
  25  2:23  Probe  
  26  2:30  Adept  
  26  2:32  Probe  
  26  2:35  Probe  
  30  2:39  Adept  
  32  2:44  Probe  
  32  2:47  Probe  
  34  2:51  Assimilator  
  34  2:56  Probe  
  35  2:59  Probe  
  35  3:00  Assimilator  
  35  3:03  Assimilator, Pylon  
  36  3:08  Probe  
  36  3:11  Probe  
  38  3:19  Adept x3  
  44  3:23  Probe x2  
  46  3:33  Pylon  
  46  3:35  Probe  
  46  3:36  Probe  
  48  3:41  Twilight Council  
  48  3:48  Probe x2  
  50  3:50  Robotics Facility  
  50  4:00  Probe x2  
  52  4:10  Pylon  
  52  4:12  Probe x2  
  54  4:22  Stalker x2  
  54  4:23  Stalker  
  58  4:29  Probe x2  
  58  4:38  Robotics Bay  
  58  4:40  Observer (Chrono Boost)  
  59  4:47  Stalker x2  
  59  4:48  Stalker  
Tags
 
Add a new tag
Caveats
  • Supply blocks, unpowered buildings, or Contaminate may cause inaccurate times.
  • Supply counts are checked every 10 seconds.